 Dungeon Crawl Stone Soup version 0.30-a0-263-ge22c4ad894 (webtiles) character file.

Game seed: 1954587153323744521

304 brknglss the Firebug (level 6, -3/44 HPs)
             Began as a Gnoll Fire Elementalist on Oct 13, 2022.
             Slain by Crazy Yiuf
             ... wielding a +4 quarterstaff of chaos
              (5 damage)
             ... while petrified by Crazy Yiuf
             ... on level 3 of the Dungeon.
             The game lasted 00:06:02 (3362 turns).

brknglss the Firebug (Gnoll Fire Elementalist)      Turns: 3362, Time: 00:06:03

Health: -3/44      AC:  2    Str:  7    XL:     6   Next: 38%
Magic:  9/14       EV:  2    Int: 16    God:
Gold:   176        SH:  0    Dex: 13    Spells: 12/15 levels left

rFire   . . .      SeeInvis .    n - +2 dagger (venom)
rCold   . . .      Faith    .    (no shield)
rNeg    + + +      Spirit   .    a - +0 robe
rPois   ∞          Reflect  .    (no helmet)
rElec   .          Harm     .    (no cloak)
rCorr   .          Rampage  .    (no gloves)
Will    .....                    (no boots)
Stlth   +++.......               (no amulet)
HPRegen 0.27/turn                (no ring)
MPRegen 0.14/turn                (no ring)

@: petrified, very slightly contaminated, invisible
A: fangs 1, strong nose, distributed training
a: no special abilities


You were on level 3 of the Dungeon.
You visited 1 branch of the dungeon, and saw 3 of its levels.

You collected 176 gold pieces.

Inventory:

Hand Weapons
 n - a +2 dagger of venom (weapon)
 p - a +4 dagger of holy wrath
Missiles
 h - 9 poisoned darts
 o - a throwing net
Armour
 a - a +0 robe (worn)
Wands
 l - a wand of polymorph (8)
Scrolls
 c - 2 scrolls of teleportation {unknown}
 f - a scroll of noise {unknown}
 g - a scroll of enchant weapon {unknown}
 i - a scroll of immolation {unknown}
 k - 2 scrolls of magic mapping {unknown}
 q - a scroll of identify {unknown}
 r - a scroll of blinking {unknown}
 s - a scroll of vulnerability {unknown}
Potions
 b - a potion of magic
 d - 4 potions of flight {unknown}
 e - a potion of cancellation {unknown}
 j - 2 potions of curing {unknown}
 m - a potion of degeneration {unknown}
 t - 2 potions of mutation {unknown}


   Skills:
 + Level 2.0 Fighting
 + Level 2.0 Short Blades
 + Level 2.0 Long Blades
 + Level 2.0 Axes
 + Level 2.0 Maces & Flails
 + Level 2.0 Polearms
 + Level 2.0 Staves
 + Level 2.0 Ranged Weapons
 + Level 2.0 Throwing
 + Level 2.0 Armour
 + Level 5.0 Dodging
 + Level 4.6 Stealth
 + Level 2.0 Shields
 + Level 2.0 Unarmed Combat
 + Level 5.4 Spellcasting
 + Level 2.6 Conjurations
 + Level 1.6 Hexes
 + Level 1.6 Summonings
 + Level 1.6 Necromancy
 + Level 1.6 Translocations
 + Level 1.6 Transmutations
 + Level 5.7 Fire Magic
 + Level 1.6 Ice Magic
 + Level 1.6 Air Magic
 + Level 1.6 Earth Magic
 + Level 1.6 Poison Magic
 + Level 2.2 Invocations
 + Level 2.0 Evocations


You had 12 spell levels left.
You knew the following spells:

 Your Spells              Type           Power      Damage    Failure   Level
a - Foxfire               Conj/Fire      68%        2x1d7     2%          1
b - Scorch                Fire           44%        2d7       2%          2

Your spell library contained the following spells:

 Spells                   Type           Power      Damage    Failure   Level
 Inner Flame              Hex/Fire       16%        N/A       10%         3
 Kindle Blastsparks       Fire/Tloc/Air  26%        2d12      13%         3
 Hailstorm                Conj/Ice       11%        3d5       19%         3
 Stone Arrow              Conj/Erth      22%        3d8       19%         3
 Gell's Gravitas          Tloc           9%         N/A       22%         3
 Lesser Beckoning         Tloc           18%        N/A       22%         3
 Teleport Other           Tloc           9%         N/A       22%         3
 Tukima's Dance           Hex            9%         N/A       22%         3
 Flame Wave               Conj/Fire      17%        2d7       26%         4
 Animate Armour           Summ/Erth      18%        N/A       58%         4
 Ice Form                 Ice/Tmut       9%         N/A       58%         4
 Passage of Golubria      Tloc           9%         N/A       58%         4
 Yara's Violent Unravell  Hex/Tmut       4%         3d4       91%         5
 Simulacrum               Ice/Necr       4%         N/A       100%        6
 Lehudib's Crystal Spear  Conj/Erth      5%         10d3      100%        8


Dungeon Overview and Level Annotations

Branches:
Dungeon (3/15)

Altars:
Nemelex Xobeh
Trog
Vehumet

Shops:
D:1 (

Annotations:
D:3 Crazy Yiuf


Innate Abilities, Weirdness & Mutations

You have very sharp teeth.
Your uncanny sense of smell can sniff out nearby items.
Your experience applies equally to all skills.


Message History

There is an open door here.
There is an open door here.
There is an open door here.
There is an open door here.
Crazy Yiuf shouts!
You open the door.
Casting: Foxfire (safe; 2% risk of failure)
Confirm with . or Enter, or press ? or * to list all spells.
Flames lash Crazy Yiuf.
Crazy Yiuf is moderately wounded.
Crazy Yiuf's fire resistance burns away.
Crazy Yiuf hits you with a +4 quarterstaff of chaos!
You are slowing down.
Casting: Scorch (safe; 2% risk of failure)
Confirm with . or Enter, or press ? or * to list all spells.
You miscast Scorch.
You are very lightly contaminated with residual magic.
Nothing appears to happen.
Crazy Yiuf hits you with a +4 quarterstaff of chaos!
You fade into invisibility!
Your limbs are stiffening.
Casting: Scorch (safe; 2% risk of failure)
Confirm with . or Enter, or press ? or * to list all spells.
Flames lash Crazy Yiuf.
Crazy Yiuf is moderately wounded.
Crazy Yiuf hits you with a +4 quarterstaff of chaos!
Crazy Yiuf says, "I'm not crazy!"
Crazy Yiuf hits you with a +4 quarterstaff of chaos!
* * * LOW HITPOINT WARNING * * *
Crazy Yiuf burns you.
* * * LOW HITPOINT WARNING * * *
You have turned to stone.
Crazy Yiuf hits you with a +4 quarterstaff of chaos!
* * * LOW HITPOINT WARNING * * *
Crazy Yiuf burns you.
Crazy Yiuf hits you with a +4 quarterstaff of chaos.
* * * LOW HITPOINT WARNING * * *
Crazy Yiuf burns you.
Crazy Yiuf hits you with a +4 quarterstaff of chaos!
You die...

...........##
#....###.####.#
############
#....# #...##.#
♣P♣P.♣ #...##.#
♣♣PP.♣
##.....#### ###
### ♣♣.♣♣
#.#.##....##
..# #.# ♣♣.♣
#.#..#.##...
..# ####.# ♣.♣♣
#.##....###.
..# #....# ♣♣.♣
#.........##
..## ##.####
♣@♣♣
#####.......
...###..# #g#
#####'##
.......## ...
##8##⌠.⌠#
..###### #...#
##...##.## ..#
#)..#
#_.⌠..'.'. ###
#####
##...##⌠##
##8###### ##


You could see Crazy Yiuf (unable to see you, combustible).

Vanquished Creatures
  3 orc priests (D:3)
  Jessica (D:2)
  An orc wizard (D:3)
  Natasha (twice) (D:3)
  4 gnolls (D:3)
  An adder (D:2)
  2 worms
  5 dart slugs
  6 orcs (D:3)
  2 bats
  5 endoplasms
  A giant cockroach (D:2)
  6 goblins
  2 quokkas
  3 ball pythons
  4 frilled lizards
  6 kobolds
  4 rats (D:1)
58 creatures vanquished.

Vanquished Creatures (others)
  182 foxfires
  A fungus (D:3)
  2 plants (D:2)
185 creatures vanquished.

Grand Total: 243 creatures vanquished

Notes
Turn   | Place    | Note
-------+----------+-------------------------------------------
     0 | D:1      | brknglss the Gnoll Fire Elementalist began the quest for
                  | the Orb.
     0 | D:1      | Reached XP level 1. HP: 13/13 MP: 6/6
   279 | D:1      | Reached XP level 2. HP: 19/19 MP: 3/7
   655 | D:1      | Learned a level 2 spell: Scorch
   757 | D:1      | Found Silipnum's Antique Weapon Shop.
  1342 | D:2      | Reached skill level 5 in Spellcasting
  1342 | D:2      | Reached XP level 3. HP: 25/25 MP: 7/9
  1444 | D:2      | Found a faded altar of an unknown god.
  1571 | D:2      | Reached skill level 1 in Invocations
  2008 | D:2      | Reached skill level 1 in Fighting
  2008 | D:2      | Reached skill level 1 in Short Blades
  2008 | D:2      | Reached skill level 1 in Long Blades
  2008 | D:2      | Reached skill level 1 in Axes
  2008 | D:2      | Reached skill level 1 in Maces & Flails
  2008 | D:2      | Reached skill level 1 in Polearms
  2008 | D:2      | Reached skill level 1 in Staves
  2008 | D:2      | Reached skill level 1 in Ranged Weapons
  2008 | D:2      | Reached skill level 1 in Throwing
  2008 | D:2      | Reached skill level 1 in Armour
  2008 | D:2      | Reached skill level 1 in Shields
  2008 | D:2      | Reached skill level 1 in Unarmed Combat
  2008 | D:2      | Reached skill level 1 in Evocations
  2098 | D:2      | Noticed Jessica
  2103 | D:2      | Killed Jessica
  2104 | D:2      | Reached skill level 1 in Hexes
  2104 | D:2      | Reached skill level 1 in Summonings
  2104 | D:2      | Reached skill level 1 in Necromancy
  2104 | D:2      | Reached skill level 1 in Translocations
  2104 | D:2      | Reached skill level 1 in Transmutations
  2104 | D:2      | Reached skill level 1 in Ice Magic
  2104 | D:2      | Reached skill level 1 in Air Magic
  2104 | D:2      | Reached skill level 1 in Earth Magic
  2104 | D:2      | Reached skill level 1 in Poison Magic
  2104 | D:2      | Reached XP level 4. HP: 26/32 MP: 8/11
  2422 | D:3      | Reached XP level 5. HP: 36/37 MP: 8/12
  2425 | D:3      | Found a sparkling altar of Nemelex Xobeh.
  2873 | D:3      | Noticed Natasha
  2878 | D:3      | Killed Natasha
  2976 | D:3      | Reached XP level 6. HP: 17/44 MP: 4/14
  2981 | D:3      | Reached skill level 5 in Dodging
  3236 | D:3      | Found a runed translucent door.
  3237 | D:3      | Noticed Crazy Yiuf
  3260 | D:3      | Noticed Natasha
  3270 | D:3      | Killed Natasha
  3276 | D:3      | Found a radiant altar of Vehumet.
  3276 | D:3      | Found a bloodstained altar of Trog.
  3360 | D:3      | HP: 2/44 [Crazy Yiuf/+4 quarterstaff of chaos (7)]
  3362 | D:3      | Slain by Crazy Yiuf

Illustrated notes

Levels and vault maps discovered:
D:1:      amcnicky_arrival_choice, layout_basic, serial_shops,
          nicolae_shop_hallway_stairs, nicolae_titane
D:2:      layout_basic, dreamdust_ecumenical_altar_hidden_monk_grotto,
          uniq_jessica
D:3:      layout_rooms, amethyst_overflow_temple_binary,
          mainiacjoe_overflow_concentric_impassable, minivault_4, uniq_natasha,
          uniq_crazy_yiuf_cottage

Skill      XL: |  1  2  3  4  5  6 |
---------------+-------------------+-----
Conjurations   | 2 |  2.6
Spellcasting   | 5 |  5.4
Invocations    | 1 2 |  2.2
Fighting       | 1 2 |  2.0
Short Blades   | 1 2 |  2.0
Long Blades    | 1 2 |  2.0
Axes           | 1 2 |  2.0
Maces & Flails | 1 2 |  2.0
Polearms       | 1 2 |  2.0
Staves         | 1 2 |  2.0
Ranged Weapons | 1 2 |  2.0
Throwing       | 1 2 |  2.0
Armour         | 1 2 |  2.0
Shields        | 1 2 |  2.0
Unarmed Combat | 1 2 |  2.0
Evocations     | 1 2 |  2.0
Hexes          | 1 |  1.6
Summonings     | 1 |  1.6
Necromancy     | 1 |  1.6
Translocations | 1 |  1.6
Transmutations | 1 |  1.6
Ice Magic      | 1 |  1.6
Air Magic      | 1 |  1.6
Earth Magic    | 1 |  1.6
Poison Magic   | 1 |  1.6
Dodging        | 5 |  5.0
Stealth        | |  4.6
Fire Magic     | |  5.7

Action                   |  1- 3 |  4- 6 || total
-------------------------+-------+-------++-------
Melee: Dagger            |    31 |    16 ||    47
       Bite              |     3 |     3 ||     6
       Punch             |     1 |       ||     1
       Scimitar          |     3 |       ||     3
 Cast: Foxfire           |    64 |    47 ||   111
       Scorch            |     1 |    13 ||    14
 Stab: Sleeping          |     7 |     2 ||     9
Armor: Robe              |     5 |     3 ||     8
Dodge: Dodged            |    14 |    11 ||    25

Table legend: (Time is in decaauts)
 A = Elapsed time spent in this place.
 B = Non-inter-level travel time spent in this place.
 C = Inter-level travel time spent in this place.
 D = Time resting spent in this place.
 E = Time spent auto-exploring this place.
 F = Levels seen in this place.
 G = Mean time per level.
                   A        B        C        D        E       F      G
               +--------+--------+--------+--------+--------+-----+--------+
         Total |   3361 |   3311 |     50 |    817 |   1844 |   3 | 1120.3 |
       Dungeon |   3361 |   3311 |     50 |    817 |   1844 |   3 | 1120.3 |
               +--------+--------+--------+--------+--------+-----+--------+

Top non-repeatable levels by time:
     D:1: 1267 daAuts
     D:3: 1171 daAuts
     D:2: 923 daAuts
